 Dungeon Crawl Stone Soup version 0.30.0-29-ga12c61a403 (webtiles) character file.

Game seed: 8378106055154674619

223796 qw the Peltast (level 19, -5/127 HPs)
             Began as a Gargoyle Fighter on June 3, 2023.
             Was an Elder of Okawaru.
             Slain by a vault warden
             ... wielding a +0 war axe of freezing
              (6 damage)
             ... on level 1 of the Vaults.
             The game lasted 00:21:19 (34622 turns).

qw the Peltast (Gargoyle Fighter)                  Turns: 34622, Time: 00:21:20

Health: -5/127     AC: 48    Str: 35    XL:     19   Next: 27%
Magic:  28/29      EV: 16    Int: 13    God:    Okawaru [****..]
Gold:   1612       SH: 21    Dex:  6    Spells: 18/18 levels left

rFire   + + .        v - +4 broad axe "Rojeiffe" {freeze, Dex+2}
rCold   . . .        x - +0 tower shield
rNeg    + . .        r - +5 chain mail of Hyujenew {rPois rF+ Str+8 Dex-4}
rPois   inf          G - +3 helmet of the Tundras {rF+}
rElec   +            B - +0 cloak
rCorr   .            i - +2 pair of gloves
SInv    +            q - +2 pair of boots
Will    +....        F - amulet of regeneration Stlth
                     u - +5 ring of evasion
HPRegen 1.21/turn    f - ring of see invisible
MPRegen 0.21/turn

%: no passive effects
@: about to teleport, heroic, marked, flying
A: sickness immunity, AC +14, big wings, negative energy resistance 1,
electricity resistance, torment resistance 1, petrification resistance, clever
1, high MP 1
}: 1/15 runes: barnacled
a: Renounce Religion, Heroism, Finesse


You were on level 1 of the Vaults.
You worshipped Okawaru.
Okawaru was greatly pleased with you.
You visited 7 branches of the dungeon, and saw 31 of its levels.

You collected 3118 gold pieces.
You spent 1506 gold pieces at shops.


Innate Abilities, Weirdness & Mutations

You are immune to sickness and miasma.
Your stone body is resilient. (AC +14)
You are immune to poison.
Your large and strong wings let you fly.
You resist negative energy. (rN+)
You are resistant to electric shocks. (rElec)
You are resistant to unholy torment.
You are immune to petrification.
Your mind is acute. (Int +4, Str/Dex -1)
You have an increased reservoir of magic. (+10% MP)


   Skills:
 - Level 16.4(21.4) Fighting
 - Level 18.0(23.0) Axes
 + Level 8.6(13.6) Throwing
 - Level 14.0(19.0) Armour
 - Level 3.0(8.0) Dodging
 - Level 19.0(24.0) Shields
 - Level 10.0 Invocations


You had 18 spell levels left.
You didn't know any spells.
Your spell library was empty.

Inventory:

Hand Weapons
 p - a +4 vampiric war axe
 t - a +1 broad axe of holy wrath
 v - the +4 broad axe "Rojeiffe" (weapon) {freeze, Dex+2}
   (Okawaru gifted it to you on level 4 of the Lair of Beasts)

   Dex:       It affects your dexterity (+2).
Missiles
 c - 13 javelins
 g - 40 boomerangs
 H - a silver javelin (quivered)
Armour
 i - a +2 pair of gloves (worn)
 q - a +2 pair of boots (worn)
 r - the +5 chain mail of Hyujenew (worn) {rPois rF+ Str+8 Dex-4}
   (You found it on level 1 of the Lair of Beasts)

   Str:       It affects your strength (+8).
   Dex:       It affects your dexterity (-4).
   rF:        It protects you from fire.
   rPois:     It protects you from poison.
 x - a +0 tower shield (worn)
 B - a +0 cloak (worn)
 G - the +3 helmet of the Tundras (worn) {rF+}
   (You acquired it on level 14 of the Dungeon)

   rF:        It protects you from fire.
 I - a +2 hat of stealth
Jewellery
 f - a ring of see invisible (right hand)
 h - a ring of protection from cold
 s - a +6 ring of strength
 u - a +5 ring of evasion (left hand)
 y - a ring of resist corrosion
 D - a ring of positive energy
 E - a ring of protection from cold
 F - an amulet of regeneration (around neck)
Scrolls
 b - a scroll of brand weapon
 n - 13 scrolls of identify
 o - 6 scrolls of teleportation
 C - 6 scrolls of enchant weapon
Potions
 a - 10 potions of curing
 d - 5 potions of might
 e - a potion of attraction
 j - 7 potions of mutation
 k - 3 potions of cancellation
 l - a potion of resistance
 m - 2 potions of haste
 w - 9 potions of lignification
 z - 3 potions of magic
 A - 5 potions of heal wounds

Dungeon Overview and Level Annotations

Branches:
Dungeon (15/15)            Temple (1/1) D:5            Lair (5/5) D:8
 Shoals (4/4) Lair:2        Snake (3/4) Lair:2        Slime (0/5) Lair:5
    Orc (2/2) D:9             Elf (0/3) Orc:2        Vaults (1/5) D:13
 Depths (0/4) D:15

Altars:
Ashenzari
Cheibriados
Dithmenos
Elyvilon
Fedhas
Gozag
Hepliaklqana
Kikubaaqudgha
Makhleb
Nemelex Xobeh
Okawaru
Qazlal
Ru
Sif Muna
Trog
Uskayaw
Vehumet
Wu Jian
Xom
Yredelemnul
Zin
The Shining One
Jiyva

Shops:
D:5 *   Orc:2 !*=[   Snake:3 *

Portals:
Pandemonium: Orc:2
Trove: D:15 (give +4 ice dragon scales)

Annotations:
D:10 1 runed translucent door, qw's ghost, journeyman GrFi
D:14 1 runed translucent door


Message History

The vault guard hits you but does no damage.
The vault sentinel blows a loud note on a signal horn!
The ironbound preserver gestures wildly while chanting.
The ironbound preserver is healed somewhat.
The vault guard hits you but does no damage.
You slice the vault guard!! You freeze the vault guard.
You kill the vault guard!
Okawaru accepts your kill.
You hit the ironbound preserver but do no damage.
You hit the vault warden. You freeze the vault warden.
The ironbound preserver mumbles some strange words.
The ironbound preserver is healed somewhat.
You block the vault guard's attack.
The ironbound convoker casts a spell at the vault sentinel.
The vault sentinel seems to grow stronger.
You slice the ironbound preserver!! You freeze the ironbound preserver!
You kill the ironbound preserver!
Okawaru accepts your kill.
You closely miss the vault warden. You hit the yaktaur. You freeze the yaktaur.
You slash the vault warden! You freeze the vault warden.
The vault warden is heavily wounded.
You completely miss the yaktaur. You block the vault warden's attack.
You block the vault guard's attack. The yaktaur hits you.
You slice the vault warden!! You freeze the vault warden.
The vault warden is almost dead.
You slash the yaktaur! You freeze the yaktaur.
You hit the yaktaur but do no damage. You hit the ironbound convoker.
You freeze the ironbound convoker.
The vault warden hits you with a +0 war axe of freezing!!
The vault warden freezes you!
The yaktaur hits you but does no damage.
You block the vault guard's attack. You block the yaktaur's attack.
The ironbound convoker hits you but does no damage.
34622 ||| READING 7 scrolls of teleportation.
As you read the scroll of teleportation, it crumbles to dust.
You feel strangely unstable.
The vault warden hits you with a +0 war axe of freezing!!
The vault warden freezes you.
You die...

#.........+.
#.........#
#....)....#
######)........# #
#..).+)........# ##
##))).#############.
#.[...)###########..
#.%....##.....)|')..
#..#@p#..#.....))##..
#.pcpc+..+.......###.
#..'p.+..#.......# ##
.+..#++#..#.......# #
...##......##.......#
... #......##.......#
# . ##....###.......#
# #....# ######### ##
##### ############.


You could see a vault warden (strong), a vault guard, a vault sentinel (strong),
an ironbound convoker and 2 yaktaurs.

Vanquished Creatures
  Nikola (Snake:1)
  Polyphemus (Shoals:3)
  3 sphinxes (Shoals:4)
  A kraken (Shoals:1)
  Roxanne (Shoals:2)
  Frances (Snake:1)
  A nagaraja (Snake:3)
  2 vault wardens (Vaults:1)
  A fire giant (Vaults:1)
  An orc warlord (Orc:2)
  A stone giant (Vaults:1)
  4 ironbound preservers (Vaults:1)
  4 ironbound thunderhulks (Vaults:1)
  5 dire elephants (Vaults:1)
  A minotaur (Shoals:4)
  3 merfolk javelineers (Shoals:4)
  An ettin (Orc:1)
  3 merfolk impalers
  A deep elf high priest (Vaults:1)
  A fire dragon (D:14)
  2 great orbs of eyes
  A yaktaur captain (Vaults:1)
  2 rakshasas (D:15)
  An entropy weaver (shapeshifter) (D:13)
  3 hydras
  2 ironbound frosthearts (Vaults:1)
  Erolcha (D:13)
  3 demonspawn (Orc:2)
  An ogre mage (D:15)
  3 catoblepae
  2 merfolk aquamancers
  2 vault guards (Vaults:1)
  2 boulder beetles
  8 two-headed ogres
  10 anacondas
  6 centaur warriors
  7 satyrs (Shoals:4)
  3 death knights
  6 merfolk avatars
  2 alligator snapping turtles (Shoals:2)
  2 tengu warriors (D:12)
  A deep troll shaman (Lair:5)
  6 death yaks
  Urug (D:13)
  6 naga warriors
  5 orc high priests (Orc:2)
  Nergalle (Lair:3)
  6 shock serpents
  13 naga sharpshooters
  5 skysharks
  A salamander mystic (Snake:2)
  6 skeletal warriors
  7 sea snakes
  3 naga ritualists
  17 harpies
  3 wizards
  5 orc knights
  5 deep trolls (Vaults:1)
  2 deep elf pyromancers
  2 ironbound convokers (Vaults:1)
  A phantasmal warrior (D:14)
  A wolf spider (D:15)
  An oklob plant (Lair:5)
  5 lindwurms (Vaults:1)
  2 necromancers (Orc:1)
  7 mana vipers
  28 manticores
  7 orc sorcerers (Orc:2)
  24 fauns
  20 ugly things
  2 cyclopes
  5 salamanders
  4 guardian serpents
  16 elephants
  4 vault sentinels (Vaults:1)
  3 merfolk sirens
  A rust devil (Orc:2)
  22 black mambas
  10 cane toads
  8 naga magi
  A water nymph (Shoals:1)
  2 gargoyles
  7 rime drakes
  An ice devil (Orc:2)
  5 freezing wraiths
  4 kobold demonologists (D:11)
  11 komodo dragons
  A tengu conjurer (D:12)
  6 yaktaurs (Vaults:1)
  A yaktaur (shapeshifter) (D:13)
  A meliai (shapeshifter) (D:15)
  27 merfolk
  5 trolls
  A wolf spider simulacrum (D:14)
  6 polar bears
  A red devil (Orc:2)
  Prince Ribbit (D:6)
  3 wind drakes
  27 blink frogs
  A dream sheep (shapeshifter) (D:13)
  3 dream sheep (Shoals:2)
  9 snapping turtles
  A raiju (shapeshifter) (D:14)
  9 slime creatures
  2 vampires
  4 wyverns
  7 wraiths
  5 basilisks
  6 water elementals
  A chaos spawn (Orc:2)
  2 steam dragons
  47 yaks
  10 vampire mosquitoes
  8 wargs
  21 nagas
  A warg (shapeshifter) (D:13)
  A swamp drake (D:9)
  2 sky beasts
  7 water moccasins
  33 orc warriors
  A black bear (D:5)
  8 ogres
  An ice beast (D:8)
  5 boggarts (D:15)
  26 wolves
  14 centaurs
  2 phantoms
  5 kobold brigands
  6 bullfrogs
  2 gnoll sergeants
  2 scorpions
  2 warg zombies (Orc:1)
  14 killer bees (D:9)
  5 howler monkeys
  2 hounds (D:6)
  4 gnoll boudas
  26 orc priests
  4 jellies
  7 iguanas
  Natasha (twice) (D:2)
  21 orc wizards
  22 gnolls
  2 orc zombies (Orc:1)
  5 adders
  2 river rats (D:4)
  A shadow imp (D:7)
  15 white imps
  2 orc simulacra (Orc:1)
  2 worms
  3 dart slugs
  94 orcs
  7 ball pythons
  3 bats
  7 endoplasms
  5 giant cockroaches
  11 goblins
  8 hobgoblins
  18 kobolds
  3 quokkas
  4 frilled lizards
  5 rats
  A spectral weapon (Shoals:4)
  2 tentacles (Shoals:1)
1044 creatures vanquished.

Vanquished Creatures (others)
  A vault warden (Vaults:1)
  A lindwurm (Vaults:1)
  A water moccasin (Lair:2)
  An orc zombie (Orc:1)
  6 tentacles (Shoals:1)
10 creatures vanquished.

Grand Total: 1054 creatures vanquished

Notes
Turn   | Place    | Note
-------+----------+-------------------------------------------
     0 | D:1      | qw the Gargoyle Fighter began the quest for the Orb.
     0 | D:1      | Reached XP level 1. HP: 14/14 MP: 1/1
     0 | D:1      | 0 ||| qw: Version: 0.2-a-103-g5a998e5
     0 | D:1      | 0 ||| qw: Game counter: 970
     0 | D:1      | 0 ||| qw: Always use a shield: true
     0 | D:1      | 0 ||| qw: God list: Okawaru
     0 | D:1      | 0 ||| qw: Allow faded altars: false
     0 | D:1      | 0 ||| qw: Do Orc after D:15 true
     0 | D:1      | 0 ||| qw: Do second Lair branch before Depths: true
     0 | D:1      | 0 ||| qw: Lair rune preference: random
     0 | D:1      | 0 ||| qw: Plans: Normal, Zot:1-4, Slime:5, God:TSO, Crypt,
                  | Tomb, Pan, Hells, Abyss, Win
     0 | D:1      | 0 ||| PLANNING D:1-11
   195 | D:1      | Reached XP level 2. HP: 19/19 MP: 2/2
   530 | D:1      | 530 ||| UPGRADING to ring of protection from cold.
   531 | D:1      | 531 ||| READING 3 scrolls labelled LEYXKI XALLORPH.
   532 | D:1      | 532 ||| READING 2 scrolls of enchant weapon.
   532 | D:1      | 532 ||| ENCHANTING +1 war axe.
   533 | D:1      | 533 ||| READING scroll of enchant weapon.
   533 | D:1      | 533 ||| ENCHANTING +2 war axe.
   534 | D:1      | 534 ||| READING scroll labelled XAUSOU SE XIB.
   535 | D:1      | 535 ||| DRINKING 2 glowing yellow potions.
   536 | D:1      | 536 ||| DROPPING potion of degeneration.
   662 | D:2      | Found a hazy altar of Hepliaklqana.
   757 | D:2      | Reached skill level 3 in Axes
   796 | D:2      | Noticed Natasha
   797 | D:2      | 797 ||| Stepping ~*~*~tactically~*~*~ (hiding).
   804 | D:2      | Reached XP level 3. HP: 21/23 MP: 3/3
   807 | D:2      | Killed Natasha
  1038 | D:2      | Noticed Natasha
  1043 | D:2      | Killed Natasha
  1044 | D:2      | Reached XP level 4. HP: 26/28 MP: 4/4
  1234 | D:2      | 1234 ||| READING scroll labelled DEXTYS EDANI.
  1235 | D:2      | 1235 ||| READING scroll labelled HUUZIM MI SOXE.
  1489 | D:3      | 1489 ||| Stepping ~*~*~tactically~*~*~ (stealth).
  1499 | D:3      | 1499 ||| Stepping ~*~*~tactically~*~*~ (stealth).
  1965 | D:3      | 1965 ||| UPGRADING to +0 plate armour.
  1975 | D:3      | 1975 ||| DROPPING +0 scale mail.
  1976 | D:3      | 1976 ||| READING 3 scrolls labelled ZAEXKI OTOI.
  1977 | D:3      | 1977 ||| READING scroll labelled OTI NONOHEB.
  1978 | D:3      | 1978 ||| READING scroll labelled LOGAAM GIMM.
  1979 | D:3      | 1979 ||| READING 2 scrolls labelled ELEJAGH QILUA.
  1984 | D:3      | 1984 ||| READING 2 scrolls of identify.
  1984 | D:3      | 1984 ||| IDENTIFYING sedimented grey potion
  1985 | D:3      | 1985 ||| DROPPING 2 scrolls of immolation.
  1991 | D:4      | 1991 ||| PLANNING SEWER
  2000 | D:4      | 2000 ||| STAIRDANCE
  2014 | D:4      | 2014 ||| Stepping ~*~*~tactically~*~*~ (stealth).
  2028 | D:4      | 2028 ||| DROPPING +0 mace.
  2060 | D:4      | Reached XP level 5. HP: 26/32 MP: 5/5
  2082 | D:4      | Noticed an ogre
  2092 | D:4      | Killed an ogre
  2145 | D:4      | Reached XP level 6. HP: 37/37 MP: 6/6
  2758 | D:4      | HP: 5/38 [iguana (5)]
  2759 | D:4      | 2759 ||| READING 2 scrolls of teleportation.
  2760 | D:4      | 2760 ||| RIP SEWER
  2761 | D:4      | 2761 ||| PLANNING D:1-11
  2858 | D:4      | 2858 ||| FLEEEEING.
  2859 | D:4      | 2859 ||| FLEEEEING.
  2860 | D:4      | 2860 ||| FLEEEEING.
  2862 | D:4      | 2862 ||| FLEEEEING.
  2863 | D:4      | 2863 ||| FLEEEEING.
  2864 | D:4      | 2864 ||| FLEEEEING.
  2866 | D:4      | 2866 ||| FLEEEEING.
  2868 | D:4      | 2868 ||| FLEEEEING.
  2871 | D:4      | 2871 ||| FLEEEEING.
  2872 | D:4      | 2872 ||| FLEEEEING.
  2873 | D:4      | 2873 ||| FLEEEEING.
  3312 | D:4      | 3312 ||| UPGRADING to +0 pair of gloves.
  3317 | D:4      | 3317 ||| READING scroll labelled UMOSIB KOGRA.
  3318 | D:4      | 3318 ||| DRINKING 2 black potions.
  3318 | D:4      | Gained mutation: Your mind is acute. (Int +4, Str/Dex -1)
                  | [potion of mutation]
  3318 | D:4      | Gained mutation: Your large and strong wings let you fly.
                  | [potion of mutation]
  3318 | D:4      | Gained mutation: You have an increased reservoir of magic.
                  | (+10% MP) [potion of mutation]
  3319 | D:4      | 3319 ||| READING 3 scrolls of identify.
  3319 | D:4      | 3319 ||| IDENTIFYING amethyst potion
  3320 | D:4      | 3320 ||| READING 2 scrolls of identify.
  3320 | D:4      | 3320 ||| IDENTIFYING fizzy silvery potion
  3321 | D:4      | 3321 ||| DRINKING potion of experience.
  3321 | D:4      | Reached skill level 12 in Axes
  3321 | D:4      | Reached XP level 7. HP: 43/43 MP: 7/7
  3367 | D:5      | Entered Level 5 of the Dungeon
  3416 | D:5      | 3416 ||| Stepping ~*~*~tactically~*~*~ (hiding).
  3612 | D:5      | Found a glowing silver altar of Zin.
  3612 | D:5      | Found a glowing golden altar of the Shining One.
  3612 | D:5      | Found a white marble altar of Elyvilon.
  3679 | D:5      | Found Mexziali's Overcharged Wands.
  3689 | D:5      | 3689 ||| SHOPLISTING wand of digging (11) (693 gold, have
                  | 235).
  3792 | D:5      | Found a staircase to the Ecumenical Temple.
  3793 | D:5      | 3793 ||| PLANNING TEMPLE
  3793 | D:5      | 3793 ||| DROPPING ring of magical power.
  3794 | D:5      | 3794 ||| READING 2 scrolls of identify.
  3794 | D:5      | 3794 ||| IDENTIFYING brown potion
  3803 | Temple   | Entered the Ecumenical Temple
  3803 | Temple   | Found a transporter.
  3803 | Temple   | Found a transporter.
  3805 | Temple   | Found a transporter.
  3805 | Temple   | Found a transporter.
  3815 | Temple   | 3815 ||| PLANNING D:1-11
  3818 | Temple   | 3818 ||| PLANNING OKAWARU WORSHIP
  3822 | Temple   | Became a worshipper of Warmaster Okawaru
  3822 | Temple   | 3822 ||| PLANNING D:1-11
  4017 | D:5      | Reached XP level 8. HP: 44/48 MP: 8/8
  4188 | D:5      | 4188 ||| READING scroll labelled UMASUCR KIPISU.
  4189 | D:5      | 4189 ||| DRINKING 2 silvery potions.
  4271 | D:6      | 4271 ||| Stepping ~*~*~tactically~*~*~ (hiding).
  4272 | D:6      | 4272 ||| Stepping ~*~*~tactically~*~*~ (hiding).
  4274 | D:6      | 4274 ||| Stepping ~*~*~tactically~*~*~ (hiding).
  4283 | D:6      | 4283 ||| Stepping ~*~*~tactically~*~*~ (hiding).
  4284 | D:6      | 4284 ||| Stepping ~*~*~tactically~*~*~ (hiding).
  4414 | D:6      | 4414 ||| Stepping ~*~*~tactically~*~*~ (stealth).
  4622 | D:6      | 4622 ||| Stepping ~*~*~tactically~*~*~ (hiding).
  4623 | D:6      | Noticed a troll
  4638 | D:6      | Killed a troll
  4638 | D:6      | Reached * piety under Okawaru
  4639 | D:6      | Reached skill level 1 in Dodging
  4816 | D:6      | Reached skill level 1 in Invocations
  4856 | D:6      | Noticed Prince Ribbit
  4857 | D:6      | 4857 ||| INVOKING Heroism.
  4867 | D:6      | 4867 ||| Stepping ~*~*~tactically~*~*~ (stealth).
  4868 | D:6      | 4868 ||| Stepping ~*~*~tactically~*~*~ (stealth).
  4873 | D:6      | Killed Prince Ribbit
  4874 | D:6      | Reached skill level 1 in Throwing
  4874 | D:6      | 4874 ||| Stepping ~*~*~tactically~*~*~ (stealth).
  4876 | D:6      | 4876 ||| Stepping ~*~*~tactically~*~*~ (stealth).
  4878 | D:6      | 4878 ||| Stepping ~*~*~tactically~*~*~ (stealth).
  4962 | D:6      | 4962 ||| Stepping ~*~*~tactically~*~*~ (stealth).
  4964 | D:6      | 4964 ||| Stepping ~*~*~tactically~*~*~ (stealth).
  4975 | D:6      | Reached XP level 9. HP: 48/54 MP: 10/10
  5162 | D:6      | 5162 ||| DROPPING ring of wizardry.
  5163 | D:6      | 5163 ||| READING 2 scrolls of identify.
  5163 | D:6      | 5163 ||| IDENTIFYING puce potion
  5164 | D:6      | 5164 ||| DROPPING potion of flight.
  5195 | D:7      | 5195 ||| Stepping ~*~*~tactically~*~*~ (stealth).
  5206 | D:7      | 5206 ||| Stepping ~*~*~tactically~*~*~ (hiding).
  5318 | D:7      | 5318 ||| INVOKING Heroism.
  5342 | D:7      | 5342 ||| READING scroll of enchant weapon.
  5342 | D:7      | 5342 ||| ENCHANTING +3 war axe.
  5352 | D:7      | 5352 ||| INVOKING Heroism.
  5370 | D:7      | HP: 10/55 [gnoll/+0 halberd[a gnoll bouda] (4)]
  5371 | D:7      | 5371 ||| READING 3 scrolls of teleportation.
  5372 | D:7      | 5372 ||| DRINKING potion of heal wounds.
  5501 | D:7      | 5501 ||| Stepping ~*~*~tactically~*~*~ (hiding).
  5587 | D:7      | 5587 ||| Stepping ~*~*~tactically~*~*~ (stealth).
  5589 | D:7      | 5589 ||| Stepping ~*~*~tactically~*~*~ (stealth).
  5592 | D:7      | 5592 ||| Stepping ~*~*~tactically~*~*~ (hiding).
  5593 | D:7      | 5593 ||| Stepping ~*~*~tactically~*~*~ (hiding).
  5594 | D:7      | 5594 ||| Stepping ~*~*~tactically~*~*~ (hiding).
  5611 | D:7      | Found a flagged portal.
  5677 | D:7      | 5677 ||| Stepping ~*~*~tactically~*~*~ (hiding).
  5678 | D:7      | 5678 ||| Stepping ~*~*~tactically~*~*~ (hiding).
  5679 | D:7      | 5679 ||| Stepping ~*~*~tactically~*~*~ (hiding).
  5703 | D:7      | 5703 ||| INVOKING Heroism.
  5732 | D:7      | Reached skill level 6 in Fighting
  5732 | D:7      | Reached skill level 3 in Invocations
  5968 | D:7      | 5968 ||| Stepping ~*~*~tactically~*~*~ (hiding).
  5970 | D:7      | 5970 ||| Stepping ~*~*~tactically~*~*~ (hiding).
  6084 | D:7      | 6084 ||| UPGRADING to +0 shadow dragon scales.
  6094 | D:7      | 6094 ||| DROPPING +0 plate armour.
  6095 | D:7      | 6095 ||| UPGRADING to +0 pair of boots.
  6100 | D:7      | 6100 ||| UPGRADING to ring of see invisible.
  6101 | D:7      | 6101 ||| READING 3 scrolls of identify.
  6101 | D:7      | 6101 ||| IDENTIFYING smoky ruby potion
  6102 | D:7      | 6102 ||| DROPPING potion of berserk rage.
  6221 | D:8      | 6221 ||| Stepping ~*~*~tactically~*~*~ (stealth).
  6223 | D:8      | 6223 ||| INVOKING Heroism.
  6247 | D:8      | Reached ** piety under Okawaru
  6290 | D:8      | 6290 ||| Stepping ~*~*~tactically~*~*~ (stealth).
  6293 | D:8      | 6293 ||| Stepping ~*~*~tactically~*~*~ (hiding).
  6307 | D:8      | 6307 ||| Stepping ~*~*~tactically~*~*~ (stealth).
  6319 | D:8      | 6319 ||| INVOKING Heroism.
  6450 | D:8      | 6450 ||| Stepping ~*~*~tactically~*~*~ (stealth).
  6453 | D:8      | Found a staircase to the Lair.
  6485 | D:8      | Reached skill level 4 in Shields
  6487 | D:8      | Reached XP level 10. HP: 59/60 MP: 14/14
  6555 | D:8      | 6555 ||| Stepping ~*~*~tactically~*~*~ (stealth).
  6557 | D:8      | 6557 ||| Stepping ~*~*~tactically~*~*~ (stealth).
  6565 | D:8      | 6565 ||| Stepping ~*~*~tactically~*~*~ (stealth).
  6571 | D:8      | 6571 ||| Stepping ~*~*~tactically~*~*~ (stealth).
  6572 | D:8      | 6572 ||| Stepping ~*~*~tactically~*~*~ (stealth).
  6583 | D:8      | 6583 ||| INVOKING Heroism.
  6592 | D:8      | HP: 14/60 [komodo dragon (2)]
  6593 | D:8      | 6593 ||| READING 2 scrolls of teleportation.
  6597 | D:8      | Reached skill level 6 in Armour
  6745 | D:8      | Found a hide-covered altar of Uskayaw.
  6882 | D:8      | 6882 ||| Stepping ~*~*~tactically~*~*~ (stealth).
  6887 | D:8      | 6887 ||| FLEEEEING.
  6888 | D:8      | 6888 ||| FLEEEEING.
  6889 | D:8      | 6889 ||| FLEEEEING.
  6890 | D:8      | 6890 ||| FLEEEEING.
  6903 | D:8      | 6903 ||| FLEEEEING.
  6912 | D:8      | 6912 ||| STAIRDANCE
  6924 | D:7      | 6924 ||| READING scroll labelled LUIMUU SOVVAGO.
  7140 | D:8      | 7140 ||| PLANNING LAIR
  7140 | D:8      | 7140 ||| READING scroll labelled CIPHU KEZOMOA.
  7178 | Lair:1   | Entered Level 1 of the Lair of Beasts
  7183 | Lair:1   | 7183 ||| INVOKING Heroism.
  7270 | Lair:1   | 7270 ||| Stepping ~*~*~tactically~*~*~ (stealth).
  7272 | Lair:1   | 7272 ||| Stepping ~*~*~tactically~*~*~ (stealth).
  7274 | Lair:1   | 7274 ||| INVOKING Heroism.
  7275 | Lair:1   | 7275 ||| Stepping ~*~*~tactically~*~*~ (stealth).
  7299 | Lair:1   | 7299 ||| INVOKING Heroism.
  7352 | Lair:1   | 7352 ||| Stepping ~*~*~tactically~*~*~ (hiding).
  7360 | Lair:1   | Reached *** piety under Okawaru
  7449 | Lair:1   | 7449 ||| Stepping ~*~*~tactically~*~*~ (stealth).
  7451 | Lair:1   | 7451 ||| Stepping ~*~*~tactically~*~*~ (stealth).
  7453 | Lair:1   | 7453 ||| Stepping ~*~*~tactically~*~*~ (stealth).
  7455 | Lair:1   | 7455 ||| Stepping ~*~*~tactically~*~*~ (stealth).
  7457 | Lair:1   | 7457 ||| Stepping ~*~*~tactically~*~*~ (stealth).
  7457 | Lair:1   | Noticed a cane toad
  7458 | Lair:1   | 7458 ||| Stepping ~*~*~tactically~*~*~ (stealth).
  7459 | Lair:1   | 7459 ||| INVOKING Heroism.
  7469 | Lair:1   | Killed a cane toad
  7520 | Lair:1   | Identified the +5 chain mail of Hyujenew {rPois rF+ Str+8
                  | Dex-4}
  7559 | Lair:1   | Noticed a catoblepas
  7560 | Lair:1   | 7560 ||| Stepping ~*~*~tactically~*~*~ (stealth).
  7562 | Lair:1   | 7562 ||| Stepping ~*~*~tactically~*~*~ (stealth).
  7564 | Lair:1   | 7564 ||| INVOKING Heroism.
  7572 | Lair:1   | Killed a catoblepas
  7573 | Lair:1   | Reached skill level 5 in Shields
  7573 | Lair:1   | Reached XP level 11. HP: 30/68 MP: 13/15
  7707 | Lair:1   | Noticed a skyshark
  7728 | Lair:1   | Killed a skyshark
  7982 | Lair:1   | Reached **** piety under Okawaru
  8018 | Lair:1   | 8018 ||| INVOKING Heroism.
  8105 | Lair:1   | 8105 ||| UPGRADING to +5 chain mail of Hyujenew {rPois rF+
                  | Str+8 Dex-4}.
  8115 | Lair:1   | 8115 ||| DROPPING +0 shadow dragon scales.
  8116 | Lair:1   | 8116 ||| DRINKING 2 grey potions.
  8117 | Lair:1   | 8117 ||| READING 3 scrolls of identify.
  8117 | Lair:1   | 8117 ||| IDENTIFYING clear potion
  8128 | Lair:2   | 8128 ||| Stepping ~*~*~tactically~*~*~ (hiding).
  8196 | Lair:2   | 8196 ||| Stepping ~*~*~tactically~*~*~ (hiding).
  8201 | Lair:2   | 8201 ||| INVOKING Heroism.
  8225 | Lair:2   | Found a staircase to the Snake Pit.
  8275 | Lair:2   | Found a staircase to the Shoals.
  8276 | Lair:2   | Noticed a manticore
  8277 | Lair:2   | 8277 ||| INVOKING Heroism.
  8289 | Lair:2   | Killed a manticore
  8293 | Lair:2   | Reached skill level 9 in Fighting
  8323 | Lair:2   | Reached skill level 6 in Shields
  8444 | Lair:2   | 8444 ||| INVOKING Heroism.
  8448 | Lair:2   | Reached skill level 6 in Invocations
  8531 | Lair:2   | 8531 ||| Stepping ~*~*~tactically~*~*~ (stealth).
  8898 | Lair:3   | 8898 ||| INVOKING Heroism.
  8921 | Lair:3   | Reached ***** piety under Okawaru
  8955 | Lair:3   | 8955 ||| INVOKING Heroism.
  8983 | Lair:3   | Reached XP level 12. HP: 73/77 MP: 19/19
  9097 | Lair:3   | Noticed Nergalle
  9098 | Lair:3   | 9098 ||| INVOKING Heroism.
  9108 | Lair:3   | Killed Nergalle
  9579 | Lair:3   | 9579 ||| READING scroll labelled OTAYTSA ZUTEW.
  9637 | Lair:4   | 9637 ||| Stepping ~*~*~tactically~*~*~ (stealth).
  9642 | Lair:4   | 9642 ||| Stepping ~*~*~tactically~*~*~ (stealth).
  9647 | Lair:4   | Received a gift from Okawaru
  9681 | Lair:4   | 9681 ||| INVOKING Heroism.
  9686 | Lair:4   | Reached skill level 9 in Invocations
  9727 | Lair:4   | 9727 ||| INVOKING Heroism.
  9781 | Lair:4   | 9781 ||| INVOKING Heroism.
  9862 | Lair:4   | 9862 ||| INVOKING Heroism.
  9920 | Lair:4   | 9920 ||| INVOKING Heroism.
  9973 | Lair:4   | 9973 ||| Stepping ~*~*~tactically~*~*~ (stealth).
  9975 | Lair:4   | 9975 ||| Stepping ~*~*~tactically~*~*~ (stealth).
  9987 | Lair:4   | Identified the +4 broad axe "Rojeiffe" {freeze, Dex+2}
                  | (Okawaru gifted it to you on level 4 of the Lair of Beasts)
  9987 | Lair:4   | Received a gift from Okawaru
 10030 | Lair:4   | 10030 ||| SWAPPING to +4 broad axe "Rojeiffe" {freeze,
                  | Dex+2}.
 10068 | Lair:4   | 10068 ||| INVOKING Heroism.
 10075 | Lair:4   | Reached XP level 13. HP: 83/83 MP: 20/22
 10111 | Lair:4   | 10111 ||| INVOKING Heroism.
 10112 | Lair:4   | 10112 ||| INVOKING Finesse.
 10117 | Lair:4   | 10117 ||| SWAPPING to +2 flail of holy wrath.
 10124 | Lair:4   | 10124 ||| SWAPPING to +4 broad axe "Rojeiffe" {freeze,
                  | Dex+2}.
 10156 | Lair:4   | You are sucked into a shaft and drop 1 floor!
 10156 | Lair:5   | Entered Level 5 of the Lair of Beasts
 10157 | Lair:5   | 10157 ||| INVOKING Heroism.
 10208 | Lair:5   | Reached skill level 7 in Shields
 10217 | Lair:5   | 10217 ||| UPGRADING to +0 helmet.
 10223 | Lair:5   | 10223 ||| INVOKING Heroism.
 10801 | Lair:5   | 10801 ||| INVOKING Heroism.
 10839 | Lair:5   | 10839 ||| Stepping ~*~*~tactically~*~*~ (stealth).
 10902 | Lair:5   | 10902 ||| INVOKING Heroism.
 10909 | Lair:5   | Reached skill level 9 in Armour
 11136 | Lair:5   | 11136 ||| INVOKING Heroism.
 11193 | Lair:5   | Received a gift from Okawaru
 11194 | Lair:5   | 11194 ||| STAIRDANCE
 11220 | Lair:5   | 11220 ||| INVOKING Heroism.
 11245 | Lair:5   | 11245 ||| INVOKING Heroism.
 11322 | Lair:5   | 11322 ||| INVOKING Heroism.
 11357 | Lair:5   | Reached skill level 15 in Axes
 11370 | Lair:5   | 11370 ||| Stepping ~*~*~tactically~*~*~ (stealth).
 11374 | Lair:5   | 11374 ||| INVOKING Heroism.
 11441 | Lair:5   | 11441 ||| Stepping ~*~*~tactically~*~*~ (stealth).
 11442 | Lair:5   | 11442 ||| Stepping ~*~*~tactically~*~*~ (stealth).
 11608 | Lair:5   | 11608 ||| Stepping ~*~*~tactically~*~*~ (stealth).
 11625 | Lair:5   | 11625 ||| INVOKING Heroism.
 11659 | Lair:5   | Reached skill level 12 in Fighting
 11674 | Lair:5   | 11674 ||| Stepping ~*~*~tactically~*~*~ (stealth).
 12037 | Lair:5   | 12037 ||| INVOKING Heroism.
 12038 | Lair:5   | 12038 ||| Stepping ~*~*~tactically~*~*~ (stealth).
 12039 | Lair:5   | 12039 ||| INVOKING Finesse.
 12176 | Lair:5   | 12176 ||| INVOKING Heroism.
 12177 | Lair:5   | 12177 ||| INVOKING Finesse.
 12181 | Lair:5   | 12181 ||| SWAPPING to +2 flail of holy wrath.
 12188 | Lair:5   | Mutation became permanent: Your large and strong wings let
                  | you fly. [Gargoyle growth]
 12188 | Lair:5   | Gained mutation: Your large and strong wings let you fly.
                  | [Gargoyle growth]
 12188 | Lair:5   | Reached XP level 14. HP: 70/92 MP: 16/23
 12188 | Lair:5   | 12188 ||| SWAPPING to +4 broad axe "Rojeiffe" {freeze,
                  | Dex+2}.
 12261 | Lair:5   | Identified the +7 scale mail of the Thinker {Fly}
 12303 | Lair:5   | 12303 ||| Stepping ~*~*~tactically~*~*~ (stealth).
 12305 | Lair:5   | 12305 ||| Stepping ~*~*~tactically~*~*~ (stealth).
 12421 | Lair:5   | Found a viscous altar of Jiyva.
 12422 | Lair:5   | Found a staircase to the Slime Pits.
 12545 | Lair:5   | 12545 ||| INVOKING Heroism.
 12546 | Lair:5   | 12546 ||| INVOKING Finesse.
 12554 | Lair:5   | 12554 ||| SWAPPING to +2 flail of holy wrath.
 12562 | Lair:5   | 12562 ||| SWAPPING to +4 broad axe "Rojeiffe" {freeze,
                  | Dex+2}.
 12627 | Lair:5   | 12627 ||| PLANNING D:1-11
 12627 | Lair:5   | 12627 ||| READING 4 scrolls of identify.
 12627 | Lair:5   | 12627 ||| IDENTIFYING coppery potion
 12628 | Lair:5   | 12628 ||| READING 3 scrolls of identify.
 12628 | Lair:5   | 12628 ||| IDENTIFYING smoky black potion
 12629 | Lair:5   | 12629 ||| READING 2 scrolls of identify.
 12629 | Lair:5   | 12629 ||| IDENTIFYING fizzy brown potion
 12630 | Lair:5   | 12630 ||| DROPPING potion of ambrosia.
 12814 | D:9      | 12814 ||| Stepping ~*~*~tactically~*~*~ (stealth).
 12815 | D:9      | 12815 ||| Stepping ~*~*~tactically~*~*~ (stealth).
 12816 | D:9      | 12816 ||| Stepping ~*~*~tactically~*~*~ (stealth).
 12820 | D:9      | 12820 ||| Stepping ~*~*~tactically~*~*~ (stealth).
 12939 | D:9      | Identified the +0 ring mail "Noukaiz" {Regen+}
 12999 | D:9      | Found a sacrificial altar of Ru.
 13181 | D:9      | 13181 ||| Stepping ~*~*~tactically~*~*~ (hiding).
 13237 | D:9      | 13237 ||| FLEEEEING.
 13253 | D:9      | 13253 ||| Stepping ~*~*~tactically~*~*~ (stealth).
 13254 | D:9      | 13254 ||| Stepping ~*~*~tactically~*~*~ (stealth).
 13255 | D:9      | 13255 ||| Stepping ~*~*~tactically~*~*~ (stealth).
 13256 | D:9      | 13256 ||| Stepping ~*~*~tactically~*~*~ (stealth).
 13257 | D:9      | 13257 ||| Stepping ~*~*~tactically~*~*~ (stealth).
 13258 | D:9      | 13258 ||| Stepping ~*~*~tactically~*~*~ (stealth).
 13259 | D:9      | 13259 ||| Stepping ~*~*~tactically~*~*~ (stealth).
 13264 | D:9      | 13264 ||| Stepping ~*~*~tactically~*~*~ (hiding).
 13374 | D:9      | 13374 ||| DROPPING +2 flail of holy wrath.
 13397 | D:9      | Found the +8 demon trident "Rift" {distort, reach+}
 13402 | D:9      | Found a staircase to the Orcish Mines.
 13407 | D:9      | 13407 ||| Stepping ~*~*~tactically~*~*~ (hiding).
 13408 | D:9      | 13408 ||| Stepping ~*~*~tactically~*~*~ (hiding).
 13433 | D:9      | 13433 ||| READING 3 scrolls labelled HEATZIXUUV.
 13434 | D:9      | 13434 ||| DRINKING 2 cyan potions.
 13435 | D:9      | 13435 ||| DROPPING potion of brilliance.
 13436 | D:9      | 13436 ||| DROPPING 2 scrolls of blinking.
 13481 | D:10     | Entered Level 10 of the Dungeon
 13503 | D:10     | 13503 ||| Stepping ~*~*~tactically~*~*~ (stealth).
 13517 | D:10     | Reached skill level 8 in Shields
 13826 | D:10     | 13826 ||| Stepping ~*~*~tactically~*~*~ (stealth).
 14048 | D:10     | Found a runed translucent door.
 14049 | D:10     | Noticed qw's ghost (journeyman GrFi)
 14446 | D:11     | Found a frozen archway.
 14447 | D:11     | Found the +10 Black Knight's barding {ponderous, rPois rN+}
 14794 | D:11     | 14794 ||| Stepping ~*~*~tactically~*~*~ (hiding).
 14797 | D:11     | 14797 ||| Stepping ~*~*~tactically~*~*~ (hiding).
 15137 | D:11     | 15137 ||| READING scroll of enchant armour.
 15137 | D:11     | 15137 ||| ENCHANTING +0 pair of gloves.
 15169 | D:11     | 15169 ||| PLANNING D
 15169 | D:11     | 15169 ||| READING scroll labelled KITEWY WIDAINE.
 15393 | D:12     | 15393 ||| Stepping ~*~*~tactically~*~*~ (stealth).
 15395 | D:12     | 15395 ||| Stepping ~*~*~tactically~*~*~ (stealth).
 15399 | D:12     | 15399 ||| Stepping ~*~*~tactically~*~*~ (hiding).
 15622 | D:12     | 15622 ||| FLEEEEING.
 15623 | D:12     | 15623 ||| FLEEEEING.
 15631 | D:12     | 15631 ||| INVOKING Heroism.
 16420 | D:12     | 16420 ||| UPGRADING to +1 kite shield of reflection.
 16430 | D:12     | 16430 ||| DROPPING +0 buckler.
 16431 | D:12     | 16431 ||| UPGRADING to +0 kite shield of protection.
 16441 | D:12     | 16441 ||| DROPPING +1 kite shield of reflection.
 16485 | D:13     | Noticed Urug
 16486 | D:13     | 16486 ||| INVOKING Heroism.
 16487 | D:13     | 16487 ||| INVOKING Finesse.
 16494 | D:13     | Killed Urug
 16536 | D:13     | 16536 ||| Stepping ~*~*~tactically~*~*~ (stealth).
 16538 | D:13     | Found a gate to the Vaults.
 16545 | D:13     | Received a gift from Okawaru
 16545 | D:13     | Found the +8 whip "Snakebite" {venom, curare, rPois}
 16558 | D:13     | Reached skill level 9 in Shields
 16566 | D:13     | 16566 ||| Stepping ~*~*~tactically~*~*~ (stealth).
 16595 | D:13     | 16595 ||| INVOKING Finesse.
 16613 | D:13     | 16613 ||| INVOKING Heroism.
 16615 | D:13     | Reached skill level 3 in Throwing
 16712 | D:13     | 16712 ||| Stepping ~*~*~tactically~*~*~ (hiding).
 16713 | D:13     | 16713 ||| Stepping ~*~*~tactically~*~*~ (hiding).
 16714 | D:13     | 16714 ||| Stepping ~*~*~tactically~*~*~ (hiding).
 16718 | D:13     | 16718 ||| INVOKING Heroism.
 16864 | D:13     | Noticed Erolcha
 16865 | D:13     | 16865 ||| Stepping ~*~*~tactically~*~*~ (stealth).
 16866 | D:13     | 16866 ||| Stepping ~*~*~tactically~*~*~ (hiding).
 16871 | D:13     | 16871 ||| INVOKING Heroism.
 16872 | D:13     | 16872 ||| INVOKING Finesse.
 16884 | D:13     | Killed Erolcha
 17063 | D:13     | 17063 ||| Stepping ~*~*~tactically~*~*~ (hiding).
 17070 | D:13     | Reached skill level 10 in Shields
 17185 | D:13     | 17185 ||| READING scroll of enchant armour.
 17185 | D:13     | 17185 ||| ENCHANTING +1 pair of gloves.
 17206 | D:13     | 17206 ||| DROPPING +0 hand axe of flaming.
 17259 | D:13     | 17259 ||| INVOKING Heroism.
 17260 | D:13     | Received a gift from Okawaru
 17646 | D:14     | 17646 ||| Stepping ~*~*~tactically~*~*~ (hiding).
 17701 | D:14     | Reached XP level 15. HP: 77/96 MP: 24/24
 17827 | D:14     | 17827 ||| INVOKING Heroism.
 17856 | D:14     | Reached skill level 11 in Shields
 18048 | D:14     | 18048 ||| INVOKING Heroism.
 18082 | D:14     | 18082 ||| INVOKING Heroism.
 18085 | D:14     | HP: 24/96 [centaur warrior/arrow (17)]
 18086 | D:14     | 18086 ||| READING 6 scrolls of teleportation.
 18328 | D:14     | 18328 ||| Stepping ~*~*~tactically~*~*~ (stealth).
 18333 | D:14     | 18333 ||| INVOKING Heroism.
 18350 | D:14     | Found a blossoming altar of Fedhas.
 18356 | D:14     | 18356 ||| Stepping ~*~*~tactically~*~*~ (stealth).
 18362 | D:14     | 18362 ||| Stepping ~*~*~tactically~*~*~ (stealth).
 18363 | D:14     | 18363 ||| Stepping ~*~*~tactically~*~*~ (stealth).
 18437 | D:14     | Found a runed translucent door.
 18445 | D:14     | 18445 ||| INVOKING Heroism.
 18708 | D:14     | Reached skill level 12 in Shields
 18719 | D:14     | 18719 ||| INVOKING Heroism.
 18933 | D:14     | 18933 ||| UPGRADING to +0 cloak.
 18938 | D:14     | 18938 ||| READING scroll labelled QOUMAH GERO.
 18938 | D:14     | Identified a scroll of acquirement
 18938 | D:14     | 18938 ||| ACQUIRING +3 helmet of the Tundras {rF+}
 18938 | D:14     | Acquired the +3 helmet of the Tundras {rF+}
 18940 | D:14     | 18940 ||| UPGRADING to +3 helmet of the Tundras {rF+}.
 18950 | D:14     | 18950 ||| DROPPING +0 helmet.
 18969 | D:15     | Entered Level 15 of the Dungeon
 18991 | D:15     | 18991 ||| Stepping ~*~*~tactically~*~*~ (hiding).
 18993 | D:15     | 18993 ||| Stepping ~*~*~tactically~*~*~ (hiding).
 19163 | D:15     | 19163 ||| INVOKING Heroism.
 19234 | D:15     | 19234 ||| Stepping ~*~*~tactically~*~*~ (hiding).
 19470 | D:15     | Reached skill level 13 in Shields
 19517 | D:15     | 19517 ||| DRINKING 7 potions of curing.
 19517 | D:15     | 19517 ||| (to cure confusion)
 19529 | D:15     | 19529 ||| INVOKING Heroism.
 19610 | D:15     | Found a staircase to the Depths.
 19669 | D:15     | 19669 ||| INVOKING Heroism.
 19670 | D:15     | 19670 ||| INVOKING Finesse.
 19674 | D:15     | 19674 ||| Stepping ~*~*~tactically~*~*~ (stealth).
 19685 | D:15     | Received a gift from Okawaru
 19959 | D:15     | Found a portal to a secret trove of treasure.
 20026 | D:15     | 20026 ||| INVOKING Heroism.
 20060 | D:15     | 20060 ||| INVOKING Heroism.
 20158 | D:15     | 20158 ||| INVOKING Heroism.
 20170 | D:15     | HP: 14/98 [mirror damage (12)]
 20171 | D:15     | 20171 ||| FLEEEEING.
 20172 | D:15     | 20172 ||| FLEEEEING.
 20173 | D:15     | 20173 ||| FLEEEEING.
 20174 | D:15     | 20174 ||| FLEEEEING.
 20175 | D:15     | 20175 ||| FLEEEEING.
 20176 | D:15     | 20176 ||| FLEEEEING.
 20177 | D:15     | 20177 ||| FLEEEEING.
 20178 | D:15     | 20178 ||| FLEEEEING.
 20179 | D:15     | 20179 ||| FLEEEEING.
 20180 | D:15     | 20180 ||| FLEEEEING.
 20181 | D:15     | 20181 ||| FLEEEEING.
 20182 | D:15     | 20182 ||| FLEEEEING.
 20183 | D:15     | 20183 ||| FLEEEEING.
 20184 | D:15     | 20184 ||| FLEEEEING.
 20185 | D:15     | 20185 ||| FLEEEEING.
 20186 | D:15     | 20186 ||| FLEEEEING.
 20187 | D:15     | 20187 ||| FLEEEEING.
 20188 | D:15     | 20188 ||| FLEEEEING.
 20189 | D:15     | 20189 ||| FLEEEEING.
 20190 | D:15     | 20190 ||| FLEEEEING.
 20191 | D:15     | 20191 ||| FLEEEEING.
 20192 | D:15     | 20192 ||| FLEEEEING.
 20193 | D:15     | 20193 ||| FLEEEEING.
 20194 | D:15     | 20194 ||| FLEEEEING.
 20195 | D:15     | 20195 ||| FLEEEEING.
 20196 | D:15     | 20196 ||| FLEEEEING.
 20197 | D:15     | 20197 ||| FLEEEEING.
 20198 | D:15     | 20198 ||| FLEEEEING.
 20199 | D:15     | 20199 ||| FLEEEEING.
 20200 | D:15     | 20200 ||| FLEEEEING.
 20201 | D:15     | 20201 ||| FLEEEEING.
 20202 | D:15     | 20202 ||| FLEEEEING.
 20203 | D:15     | 20203 ||| FLEEEEING.
 20204 | D:15     | 20204 ||| FLEEEEING.
 20205 | D:15     | 20205 ||| FLEEEEING.
 20206 | D:15     | 20206 ||| FLEEEEING.
 20207 | D:15     | 20207 ||| FLEEEEING.
 20208 | D:15     | 20208 ||| FLEEEEING.
 20209 | D:15     | 20209 ||| FLEEEEING.
 20210 | D:15     | 20210 ||| FLEEEEING.
 20211 | D:15     | 20211 ||| FLEEEEING.
 20212 | D:15     | 20212 ||| FLEEEEING.
 20213 | D:15     | 20213 ||| FLEEEEING.
 20214 | D:15     | 20214 ||| FLEEEEING.
 20215 | D:15     | 20215 ||| FLEEEEING.
 20216 | D:15     | 20216 ||| FLEEEEING.
 20217 | D:15     | 20217 ||| FLEEEEING.
 20218 | D:15     | 20218 ||| FLEEEEING.
 20219 | D:15     | 20219 ||| FLEEEEING.
 20220 | D:15     | 20220 ||| FLEEEEING.
 20221 | D:15     | 20221 ||| FLEEEEING.
 20222 | D:15     | 20222 ||| FLEEEEING.
 20223 | D:15     | 20223 ||| FLEEEEING.
 20224 | D:15     | 20224 ||| FLEEEEING.
 20225 | D:15     | 20225 ||| FLEEEEING.
 20226 | D:15     | 20226 ||| FLEEEEING.
 20227 | D:15     | 20227 ||| FLEEEEING.
 20228 | D:15     | 20228 ||| FLEEEEING.
 20229 | D:15     | 20229 ||| FLEEEEING.
 20230 | D:15     | 20230 ||| FLEEEEING.
 20231 | D:15     | 20231 ||| STAIRDANCE
 20583 | D:15     | 20583 ||| PLANNING ORC
 20767 | Orc:1    | Entered Level 1 of the Orcish Mines
 20782 | Orc:1    | 20782 ||| Stepping ~*~*~tactically~*~*~ (hiding).
 20798 | Orc:1    | 20798 ||| Stepping ~*~*~tactically~*~*~ (hiding).
 20802 | Orc:1    | 20802 ||| Stepping ~*~*~tactically~*~*~ (hiding).
 20804 | Orc:1    | 20804 ||| Stepping ~*~*~tactically~*~*~ (hiding).
 20906 | Orc:1    | You are sucked into a shaft and drop 1 floor!
 20906 | Orc:2    | Entered Level 2 of the Orcish Mines
 20906 | Orc:2    | Noticed an orc warlord
 20907 | Orc:2    | 20907 ||| INVOKING Heroism.
 20908 | Orc:2    | 20908 ||| INVOKING Finesse.
 20912 | Orc:2    | Reached XP level 16. HP: 79/104 MP: 16/25
 20935 | Orc:2    | Received a gift from Okawaru
 21088 | Orc:2    | 21088 ||| Stepping ~*~*~tactically~*~*~ (stealth).
 21089 | Orc:2    | 21089 ||| Stepping ~*~*~tactically~*~*~ (stealth).
 21091 | Orc:2    | 21091 ||| Stepping ~*~*~tactically~*~*~ (stealth).
 21094 | Orc:2    | 21094 ||| Stepping ~*~*~tactically~*~*~ (hiding).
 21096 | Orc:2    | 21096 ||| Stepping ~*~*~tactically~*~*~ (hiding).
 21097 | Orc:2    | 21097 ||| Stepping ~*~*~tactically~*~*~ (hiding).
 21098 | Orc:2    | 21098 ||| Stepping ~*~*~tactically~*~*~ (hiding).
 21136 | Orc:2    | 21136 ||| Stepping ~*~*~tactically~*~*~ (stealth).
 21139 | Orc:2    | 21139 ||| Stepping ~*~*~tactically~*~*~ (hiding).
 21140 | Orc:2    | 21140 ||| Stepping ~*~*~tactically~*~*~ (hiding).
 21303 | Orc:2    | Found Etsuteiz's General Store.
 21304 | Orc:2    | 21304 ||| INVOKING Heroism.
 21326 | Orc:2    | Found Lehaasi's Distillery.
 21331 | Orc:2    | 21331 ||| Stepping ~*~*~tactically~*~*~ (hiding).
 21333 | Orc:2    | 21333 ||| INVOKING Heroism.
 21340 | Orc:2    | Reached skill level 6 in Throwing
 21383 | Orc:2    | 21383 ||| BUYING potion of heal wounds (70 gold).
 21383 | Orc:2    | Bought a potion of heal wounds for 70 gold pieces
 21383 | Orc:2    | 21383 ||| BUYING scroll of teleportation (42 gold).
 21383 | Orc:2    | Bought a scroll of teleportation for 42 gold pieces
 21385 | Orc:2    | 21385 ||| BUYING 2 potions of might (80 gold).
 21385 | Orc:2    | Bought 2 potions of might for 80 gold pieces
 21385 | Orc:2    | 21385 ||| BUYING potion of curing (30 gold).
 21385 | Orc:2    | Bought a potion of curing for 30 gold pieces
 21385 | Orc:2    | 21385 ||| BUYING potion of curing (30 gold).
 21385 | Orc:2    | Bought a potion of curing for 30 gold pieces
 21385 | Orc:2    | 21385 ||| BUYING potion of heal wounds (50 gold).
 21385 | Orc:2    | Bought a potion of heal wounds for 50 gold pieces
 21385 | Orc:2    | 21385 ||| BUYING potion of heal wounds (50 gold).
 21385 | Orc:2    | Bought a potion of heal wounds for 50 gold pieces
 21385 | Orc:2    | 21385 ||| BUYING potion of lignification (30 gold).
 21385 | Orc:2    | Bought a potion of lignification for 30 gold pieces
 21385 | Orc:2    | 21385 ||| BUYING potion of mutation (80 gold).
 21385 | Orc:2    | Bought a potion of mutation for 80 gold pieces
 21389 | Orc:2    | 21389 ||| Stepping ~*~*~tactically~*~*~ (stealth).
 21390 | Orc:2    | 21390 ||| Stepping ~*~*~tactically~*~*~ (stealth).
 21395 | Orc:2    | 21395 ||| Stepping ~*~*~tactically~*~*~ (hiding).
 21396 | Orc:2    | 21396 ||| Stepping ~*~*~tactically~*~*~ (hiding).
 21429 | Orc:2    | 21429 ||| Stepping ~*~*~tactically~*~*~ (hiding).
 21434 | Orc:2    | 21434 ||| INVOKING Heroism.
 21455 | Orc:2    | 21455 ||| Stepping ~*~*~tactically~*~*~ (hiding).
 21470 | Orc:2    | 21470 ||| INVOKING Heroism.
 21566 | Orc:2    | 21566 ||| Stepping ~*~*~tactically~*~*~ (hiding).
 21582 | Orc:2    | 21582 ||| Stepping ~*~*~tactically~*~*~ (hiding).
 21692 | Orc:2    | 21692 ||| Stepping ~*~*~tactically~*~*~ (hiding).
 21699 | Orc:2    | 21699 ||| INVOKING Heroism.
 21746 | Orc:2    | 21746 ||| INVOKING Heroism.
 21768 | Orc:2    | Paralysed by an orc sorcerer for 4 turns
 21783 | Orc:2    | 21783 ||| Stepping ~*~*~tactically~*~*~ (hiding).
 21809 | Orc:2    | 21809 ||| Stepping ~*~*~tactically~*~*~ (stealth).
 21854 | Orc:2    | 21854 ||| Stepping ~*~*~tactically~*~*~ (stealth).
 21912 | Orc:2    | Found Desuxtof's Jewellery Shop.
 21912 | Orc:2    | Found Yheonn's Antique Armour Boutique.
 21913 | Orc:2    | 21913 ||| INVOKING Heroism.
 21925 | Orc:2    | Found a one-way gate leading to the halls of Pandemonium.
 21927 | Orc:2    | 21927 ||| BUYING +5 ring of evasion (468 gold).
 21927 | Orc:2    | Bought a +5 ring of evasion for 468 gold pieces
 21927 | Orc:2    | 21927 ||| BUYING +6 ring of dexterity (468 gold).
 21927 | Orc:2    | Bought a +6 ring of dexterity for 468 gold pieces
 21927 | Orc:2    | 21927 ||| SHOPLISTING amulet of Jealousy {Harm rF+ Regen+}
                  | (572 gold, have 255).
 21929 | Orc:2    | 21929 ||| SHOPLISTING -2 hat of the Alchemist {rElec rPois
                  | rF+ rC+ rN+ Will+ rMut rCorr} (1746 gold, have 255).
 21959 | Orc:2    | 21959 ||| Stepping ~*~*~tactically~*~*~ (stealth).
 21961 | Orc:2    | 21961 ||| Stepping ~*~*~tactically~*~*~ (hiding).
 21963 | Orc:2    | 21963 ||| Stepping ~*~*~tactically~*~*~ (hiding).
 21964 | Orc:2    | 21964 ||| Stepping ~*~*~tactically~*~*~ (hiding).
 21965 | Orc:2    | 21965 ||| Stepping ~*~*~tactically~*~*~ (hiding).
 22155 | Orc:2    | 22155 ||| INVOKING Heroism.
 22190 | Orc:2    | 22190 ||| DROPPING ring of see invisible.
 22191 | Orc:2    | 22191 ||| UPGRADING to +5 ring of evasion.
 22193 | Orc:2    | 22193 ||| DROPPING ring of willpower.
 22253 | Orc:1    | 22253 ||| Stepping ~*~*~tactically~*~*~ (hiding).
 22278 | Orc:1    | 22278 ||| FLEEEEING.
 22279 | Orc:1    | 22279 ||| FLEEEEING.
 22280 | Orc:1    | 22280 ||| FLEEEEING.
 22281 | Orc:1    | 22281 ||| FLEEEEING.
 22282 | Orc:1    | 22282 ||| FLEEEEING.
 22283 | Orc:1    | 22283 ||| FLEEEEING.
 22284 | Orc:1    | 22284 ||| FLEEEEING.
 22294 | Orc:1    | 22294 ||| Stepping ~*~*~tactically~*~*~ (hiding).
 22295 | Orc:1    | 22295 ||| Stepping ~*~*~tactically~*~*~ (hiding).
 22296 | Orc:1    | 22296 ||| Stepping ~*~*~tactically~*~*~ (hiding).
 22297 | Orc:1    | 22297 ||| Stepping ~*~*~tactically~*~*~ (hiding).
 22298 | Orc:1    | 22298 ||| Stepping ~*~*~tactically~*~*~ (hiding).
 22307 | Orc:1    | 22307 ||| INVOKING Heroism.
 22341 | Orc:1    | Received a gift from Okawaru
 22534 | Orc:1    | Reached skill level 18 in Axes
 22835 | Orc:2    | Found a staircase to the Elven Halls.
 22923 | Orc:2    | 22923 ||| Stepping ~*~*~tactically~*~*~ (stealth).
 22924 | Orc:2    | 22924 ||| Stepping ~*~*~tactically~*~*~ (stealth).
 22926 | Orc:2    | 22926 ||| Stepping ~*~*~tactically~*~*~ (stealth).
 22928 | Orc:2    | 22928 ||| Stepping ~*~*~tactically~*~*~ (hiding).
 23043 | Orc:2    | 23043 ||| Stepping ~*~*~tactically~*~*~ (stealth).
 23155 | Orc:2    | 23155 ||| Stepping ~*~*~tactically~*~*~ (stealth).
 23156 | Orc:2    | 23156 ||| Stepping ~*~*~tactically~*~*~ (stealth).
 23172 | Orc:2    | 23172 ||| PLANNING SHOALS:1-3
 23218 | Orc:1    | 23218 ||| Stepping ~*~*~tactically~*~*~ (hiding).
 23475 | Shoals:1 | Entered Level 1 of the Shoals
 23476 | Shoals:1 | 23476 ||| INVOKING Heroism.
 23541 | Shoals:1 | 23541 ||| Stepping ~*~*~tactically~*~*~ (stealth).
 23543 | Shoals:1 | 23543 ||| Stepping ~*~*~tactically~*~*~ (hiding).
 23550 | Shoals:1 | 23550 ||| INVOKING Heroism.
 23716 | Shoals:1 | 23716 ||| INVOKING Heroism.
 23862 | Shoals:1 | 23862 ||| INVOKING Heroism.
 24046 | Shoals:1 | 24046 ||| READING scroll of enchant armour.
 24046 | Shoals:1 | 24046 ||| ENCHANTING +0 pair of boots.
 24061 | Shoals:1 | 24061 ||| INVOKING Heroism.
 24086 | Shoals:1 | Received a gift from Okawaru
 24300 | Shoals:1 | 24300 ||| INVOKING Heroism.
 24404 | Shoals:1 | 24404 ||| INVOKING Heroism.
 24435 | Shoals:1 | Noticed a kraken
 24437 | Shoals:1 | 24437 ||| READING scroll labelled QOTYEL CUFRI.
 24453 | Shoals:1 | 24453 ||| INVOKING Heroism.
 24455 | Shoals:1 | Killed a kraken
 24585 | Shoals:1 | 24585 ||| READING scroll of enchant armour.
 24585 | Shoals:1 | 24585 ||| ENCHANTING +1 pair of boots.
 24752 | Shoals:1 | You are sucked into a shaft and drop 1 floor!
 24753 | Shoals:2 | 24753 ||| Stepping ~*~*~tactically~*~*~ (hiding).
 24868 | Shoals:2 | Reached skill level 14 in Shields
 24886 | Shoals:2 | 24886 ||| INVOKING Heroism.
 24986 | Shoals:2 | Noticed Roxanne
 24987 | Shoals:2 | 24987 ||| INVOKING Heroism.
 25015 | Shoals:2 | Killed Roxanne
 25380 | Shoals:1 | 25380 ||| DROPPING +6 ring of dexterity.
 25581 | Shoals:2 | 25581 ||| FLEEEEING.
 25582 | Shoals:2 | 25582 ||| FLEEEEING.
 25583 | Shoals:2 | 25583 ||| FLEEEEING.
 25584 | Shoals:2 | 25584 ||| FLEEEEING.
 25585 | Shoals:2 | 25585 ||| FLEEEEING.
 25586 | Shoals:2 | 25586 ||| FLEEEEING.
 25587 | Shoals:2 | 25587 ||| FLEEEEING.
 25588 | Shoals:2 | 25588 ||| FLEEEEING.
 25589 | Shoals:2 | 25589 ||| FLEEEEING.
 25590 | Shoals:2 | 25590 ||| STAIRDANCE
 25710 | Shoals:2 | 25710 ||| FLEEEEING.
 25712 | Shoals:2 | 25712 ||| FLEEEEING.
 25713 | Shoals:2 | 25713 ||| FLEEEEING.
 25714 | Shoals:2 | 25714 ||| FLEEEEING.
 25715 | Shoals:2 | 25715 ||| FLEEEEING.
 25716 | Shoals:2 | 25716 ||| FLEEEEING.
 25717 | Shoals:2 | 25717 ||| FLEEEEING.
 25718 | Shoals:2 | 25718 ||| FLEEEEING.
 25719 | Shoals:2 | 25719 ||| FLEEEEING.
 25720 | Shoals:2 | 25720 ||| FLEEEEING.
 25721 | Shoals:2 | 25721 ||| FLEEEEING.
 25722 | Shoals:2 | 25722 ||| FLEEEEING.
 25723 | Shoals:2 | 25723 ||| FLEEEEING.
 25724 | Shoals:2 | 25724 ||| FLEEEEING.
 25725 | Shoals:2 | 25725 ||| FLEEEEING.
 25726 | Shoals:2 | 25726 ||| FLEEEEING.
 25727 | Shoals:2 | 25727 ||| INVOKING Heroism.
 25744 | Shoals:2 | Reached skill level 12 in Armour
 25763 | Shoals:2 | Reached XP level 17. HP: 66/111 MP: 26/26
 25899 | Shoals:2 | 25899 ||| Stepping ~*~*~tactically~*~*~ (stealth).
 25901 | Shoals:2 | 25901 ||| Stepping ~*~*~tactically~*~*~ (hiding).
 25902 | Shoals:2 | 25902 ||| Stepping ~*~*~tactically~*~*~ (hiding).
 25912 | Shoals:2 | Reached skill level 3 in Dodging
 26280 | Shoals:3 | Noticed Polyphemus
 26281 | Shoals:3 | 26281 ||| INVOKING Heroism.
 26300 | Shoals:3 | Killed Polyphemus
 26324 | Shoals:3 | 26324 ||| INVOKING Heroism.
 26531 | Shoals:3 | 26531 ||| INVOKING Heroism.
 26583 | Shoals:3 | 26583 ||| Stepping ~*~*~tactically~*~*~ (hiding).
 26593 | Shoals:3 | 26593 ||| INVOKING Heroism.
 26998 | Shoals:3 | 26998 ||| INVOKING Heroism.
 27022 | Shoals:3 | Reached skill level 15 in Fighting
 27281 | Shoals:3 | 27281 ||| PLANNING SNAKE:1-3
 27379 | Snake:1  | Entered Level 1 of the Snake Pit
 27404 | Snake:1  | Received a gift from Okawaru
 27480 | Snake:1  | 27480 ||| Stepping ~*~*~tactically~*~*~ (hiding).
 27485 | Snake:1  | 27485 ||| INVOKING Heroism.
 27634 | Snake:1  | 27634 ||| INVOKING Heroism.
 27658 | Snake:1  | 27658 ||| FLEEEEING.
 27659 | Snake:1  | 27659 ||| FLEEEEING.
 27660 | Snake:1  | 27660 ||| FLEEEEING.
 27830 | Snake:1  | Found a stormy altar of Qazlal.
 27854 | Snake:1  | 27854 ||| Stepping ~*~*~tactically~*~*~ (hiding).
 27855 | Snake:1  | 27855 ||| Stepping ~*~*~tactically~*~*~ (hiding).
 27856 | Snake:1  | 27856 ||| INVOKING Heroism.
 27861 | Snake:1  | Noticed Nikola
 27877 | Snake:1  | 27877 ||| Stepping ~*~*~tactically~*~*~ (hiding).
 27878 | Snake:1  | 27878 ||| Stepping ~*~*~tactically~*~*~ (hiding).
 27881 | Snake:1  | 27881 ||| INVOKING Heroism.
 27883 | Snake:1  | HP: 18/113 [Nikola/arc of chain lightning (55)]
 27884 | Snake:1  | 27884 ||| READING 7 scrolls of teleportation.
 27885 | Snake:1  | 27885 ||| DRINKING 5 potions of heal wounds.
 28174 | Snake:1  | 28174 ||| INVOKING Heroism.
 28178 | Snake:1  | 28178 ||| Stepping ~*~*~tactically~*~*~ (hiding).
 28179 | Snake:1  | 28179 ||| Stepping ~*~*~tactically~*~*~ (hiding).
 28342 | Snake:1  | 28342 ||| INVOKING Heroism.
 28351 | Snake:1  | Killed Nikola
 28357 | Snake:1  | Noticed Frances
 28358 | Snake:1  | 28358 ||| Stepping ~*~*~tactically~*~*~ (hiding).
 28369 | Snake:1  | Killed Frances
 28537 | Snake:1  | 28537 ||| Stepping ~*~*~tactically~*~*~ (stealth).
 28540 | Snake:1  | 28540 ||| Stepping ~*~*~tactically~*~*~ (hiding).
 28541 | Snake:1  | 28541 ||| Stepping ~*~*~tactically~*~*~ (hiding).
 28542 | Snake:1  | 28542 ||| Stepping ~*~*~tactically~*~*~ (hiding).
 28544 | Snake:1  | 28544 ||| Stepping ~*~*~tactically~*~*~ (hiding).
 28555 | Snake:1  | 28555 ||| Stepping ~*~*~tactically~*~*~ (stealth).
 28578 | Snake:1  | Identified the +6 rapier of Mourch {drain, Str+2}
 28579 | Snake:1  | 28579 ||| Stepping ~*~*~tactically~*~*~ (hiding).
 28580 | Snake:1  | 28580 ||| Stepping ~*~*~tactically~*~*~ (hiding).
 28867 | Snake:2  | Received a gift from Okawaru
 28937 | Snake:2  | 28937 ||| Stepping ~*~*~tactically~*~*~ (hiding).
 28938 | Snake:2  | 28938 ||| Stepping ~*~*~tactically~*~*~ (hiding).
 28963 | Snake:2  | 28963 ||| Stepping ~*~*~tactically~*~*~ (hiding).
 28964 | Snake:2  | 28964 ||| Stepping ~*~*~tactically~*~*~ (hiding).
 28965 | Snake:2  | 28965 ||| Stepping ~*~*~tactically~*~*~ (hiding).
 28966 | Snake:2  | 28966 ||| Stepping ~*~*~tactically~*~*~ (hiding).
 28968 | Snake:2  | 28968 ||| Stepping ~*~*~tactically~*~*~ (hiding).
 28977 | Snake:2  | 28977 ||| INVOKING Heroism.
 28988 | Snake:2  | Reached skill level 15 in Shields
 29562 | Snake:2  | 29562 ||| Stepping ~*~*~tactically~*~*~ (hiding).
 29565 | Snake:2  | 29565 ||| Stepping ~*~*~tactically~*~*~ (hiding).
 29630 | Snake:2  | 29630 ||| Stepping ~*~*~tactically~*~*~ (stealth).
 29638 | Snake:2  | 29638 ||| Stepping ~*~*~tactically~*~*~ (hiding).
 29641 | Snake:2  | 29641 ||| INVOKING Heroism.
 29719 | Snake:2  | 29719 ||| Stepping ~*~*~tactically~*~*~ (hiding).
 29722 | Snake:2  | 29722 ||| Stepping ~*~*~tactically~*~*~ (hiding).
 29765 | Snake:2  | 29765 ||| Stepping ~*~*~tactically~*~*~ (hiding).
 29768 | Snake:2  | 29768 ||| Stepping ~*~*~tactically~*~*~ (hiding).
 29770 | Snake:2  | 29770 ||| Stepping ~*~*~tactically~*~*~ (hiding).
 29776 | Snake:2  | 29776 ||| Stepping ~*~*~tactically~*~*~ (hiding).
 29779 | Snake:2  | 29779 ||| Stepping ~*~*~tactically~*~*~ (hiding).
 29780 | Snake:2  | 29780 ||| Stepping ~*~*~tactically~*~*~ (hiding).
 29809 | Snake:2  | 29809 ||| Stepping ~*~*~tactically~*~*~ (stealth).
 29810 | Snake:2  | 29810 ||| Stepping ~*~*~tactically~*~*~ (stealth).
 30573 | Snake:3  | 30573 ||| INVOKING Heroism.
 30594 | Snake:3  | Reached XP level 18. HP: 91/120 MP: 21/28
 30598 | Snake:3  | Received a gift from Okawaru
 30601 | Snake:3  | 30601 ||| Stepping ~*~*~tactically~*~*~ (hiding).
 30621 | Snake:3  | 30621 ||| Stepping ~*~*~tactically~*~*~ (hiding).
 30622 | Snake:3  | 30622 ||| Stepping ~*~*~tactically~*~*~ (hiding).
 30627 | Snake:3  | 30627 ||| Stepping ~*~*~tactically~*~*~ (hiding).
 30685 | Snake:3  | 30685 ||| DROPPING +0 war axe of flaming.
 30720 | Snake:3  | Identified the +7 spear of Ashenzari's Pride {heavy, Dex+4}
 30735 | Snake:3  | 30735 ||| Stepping ~*~*~tactically~*~*~ (stealth).
 30736 | Snake:3  | 30736 ||| Stepping ~*~*~tactically~*~*~ (stealth).
 30738 | Snake:3  | 30738 ||| Stepping ~*~*~tactically~*~*~ (hiding).
 30751 | Snake:3  | Found a glowing golden altar of the Shining One.
 30874 | Snake:3  | 30874 ||| INVOKING Heroism.
 30999 | Snake:3  | 30999 ||| INVOKING Heroism.
 31109 | Snake:3  | Found Plog's CLEARANCE SALE!.
 31115 | Snake:3  | 31115 ||| BUYING 2 potions of heal wounds (60 gold).
 31115 | Snake:3  | Bought 2 potions of heal wounds for 60 gold pieces
 31115 | Snake:3  | 31115 ||| BUYING potion of cancellation (48 gold).
 31115 | Snake:3  | Bought a potion of cancellation for 48 gold pieces
 31181 | Snake:3  | 31181 ||| PLANNING SHOALS:4
 31181 | Snake:3  | 31181 ||| UPGRADING to +0 tower shield.
 31191 | Snake:3  | 31191 ||| DROPPING +0 kite shield of protection.
 31359 | Shoals:4 | Entered Level 4 of the Shoals
 31385 | Shoals:4 | 31385 ||| FLEEEEING.
 31387 | Shoals:4 | 31387 ||| Stepping ~*~*~tactically~*~*~ (hiding).
 31390 | Shoals:4 | 31390 ||| FLEEEEING.
 31408 | Shoals:4 | 31408 ||| INVOKING Heroism.
 31424 | Shoals:4 | Received a gift from Okawaru
 31464 | Shoals:4 | 31464 ||| INVOKING Heroism.
 31465 | Shoals:4 | 31465 ||| INVOKING Finesse.
 31467 | Shoals:4 | 31467 ||| Stepping ~*~*~tactically~*~*~ (hiding).
 31468 | Shoals:4 | 31468 ||| Stepping ~*~*~tactically~*~*~ (hiding).
 31469 | Shoals:4 | 31469 ||| Stepping ~*~*~tactically~*~*~ (hiding).
 31500 | Shoals:4 | 31500 ||| Stepping ~*~*~tactically~*~*~ (stealth).
 31541 | Shoals:4 | 31541 ||| Stepping ~*~*~tactically~*~*~ (stealth).
 31543 | Shoals:4 | 31543 ||| Stepping ~*~*~tactically~*~*~ (stealth).
 31570 | Shoals:4 | 31570 ||| Stepping ~*~*~tactically~*~*~ (hiding).
 31571 | Shoals:4 | 31571 ||| Stepping ~*~*~tactically~*~*~ (hiding).
 31572 | Shoals:4 | 31572 ||| Stepping ~*~*~tactically~*~*~ (hiding).
 31573 | Shoals:4 | 31573 ||| Stepping ~*~*~tactically~*~*~ (hiding).
 31575 | Shoals:4 | 31575 ||| Stepping ~*~*~tactically~*~*~ (hiding).
 31576 | Shoals:4 | 31576 ||| Stepping ~*~*~tactically~*~*~ (hiding).
 31620 | Shoals:4 | 31620 ||| Stepping ~*~*~tactically~*~*~ (stealth).
 31690 | Shoals:4 | Reached skill level 16 in Shields
 31696 | Shoals:4 | 31696 ||| INVOKING Heroism.
 31732 | Shoals:4 | 31732 ||| INVOKING Heroism.
 31738 | Shoals:4 | 31738 ||| Stepping ~*~*~tactically~*~*~ (hiding).
 31739 | Shoals:4 | 31739 ||| Stepping ~*~*~tactically~*~*~ (hiding).
 31772 | Shoals:4 | 31772 ||| INVOKING Finesse.
 31774 | Shoals:4 | 31774 ||| Stepping ~*~*~tactically~*~*~ (hiding).
 31775 | Shoals:4 | 31775 ||| Stepping ~*~*~tactically~*~*~ (hiding).
 31776 | Shoals:4 | 31776 ||| Stepping ~*~*~tactically~*~*~ (hiding).
 31777 | Shoals:4 | 31777 ||| Stepping ~*~*~tactically~*~*~ (hiding).
 31778 | Shoals:4 | 31778 ||| INVOKING Heroism.
 31785 | Shoals:4 | 31785 ||| Stepping ~*~*~tactically~*~*~ (hiding).
 31786 | Shoals:4 | 31786 ||| Stepping ~*~*~tactically~*~*~ (hiding).
 31789 | Shoals:4 | HP: 30/120 [satyr/arrow (4)]
 31790 | Shoals:4 | 31790 ||| READING 7 scrolls of teleportation.
 31791 | Shoals:4 | 31791 ||| DRINKING 6 potions of heal wounds.
 31837 | Shoals:4 | 31837 ||| INVOKING Heroism.
 31839 | Shoals:4 | 31839 ||| INVOKING Finesse.
 31928 | Shoals:4 | 31928 ||| FLEEEEING.
 31953 | Shoals:4 | 31953 ||| FLEEEEING.
 31954 | Shoals:4 | 31954 ||| STAIRDANCE
 32073 | Shoals:4 | 32073 ||| Stepping ~*~*~tactically~*~*~ (hiding).
 32120 | Shoals:4 | 32120 ||| Stepping ~*~*~tactically~*~*~ (hiding).
 32131 | Shoals:4 | 32131 ||| Stepping ~*~*~tactically~*~*~ (stealth).
 32133 | Shoals:4 | 32133 ||| FLEEEEING.
 32136 | Shoals:4 | 32136 ||| FLEEEEING.
 32138 | Shoals:4 | 32138 ||| FLEEEEING.
 32140 | Shoals:4 | 32140 ||| INVOKING Heroism.
 32147 | Shoals:4 | 32147 ||| Stepping ~*~*~tactically~*~*~ (hiding).
 32148 | Shoals:4 | 32148 ||| Stepping ~*~*~tactically~*~*~ (hiding).
 32156 | Shoals:4 | 32156 ||| Stepping ~*~*~tactically~*~*~ (hiding).
 32157 | Shoals:4 | 32157 ||| Stepping ~*~*~tactically~*~*~ (hiding).
 32164 | Shoals:4 | Received a gift from Okawaru
 32165 | Shoals:4 | Reached skill level 17 in Shields
 32176 | Shoals:4 | 32176 ||| INVOKING Heroism.
 32178 | Shoals:4 | 32178 ||| Stepping ~*~*~tactically~*~*~ (hiding).
 32179 | Shoals:4 | 32179 ||| Stepping ~*~*~tactically~*~*~ (hiding).
 32182 | Shoals:4 | 32182 ||| Stepping ~*~*~tactically~*~*~ (hiding).
 32358 | Shoals:4 | 32358 ||| Stepping ~*~*~tactically~*~*~ (stealth).
 32359 | Shoals:4 | 32359 ||| Stepping ~*~*~tactically~*~*~ (stealth).
 32384 | Shoals:4 | 32384 ||| Stepping ~*~*~tactically~*~*~ (stealth).
 32387 | Shoals:4 | 32387 ||| INVOKING Heroism.
 32483 | Shoals:4 | 32483 ||| Stepping ~*~*~tactically~*~*~ (stealth).
 32484 | Shoals:4 | 32484 ||| Stepping ~*~*~tactically~*~*~ (stealth).
 32497 | Shoals:4 | 32497 ||| Stepping ~*~*~tactically~*~*~ (hiding).
 32498 | Shoals:4 | 32498 ||| Stepping ~*~*~tactically~*~*~ (hiding).
 32499 | Shoals:4 | 32499 ||| Stepping ~*~*~tactically~*~*~ (hiding).
 32502 | Shoals:4 | 32502 ||| Stepping ~*~*~tactically~*~*~ (hiding).
 32509 | Shoals:4 | 32509 ||| Stepping ~*~*~tactically~*~*~ (hiding).
 32510 | Shoals:4 | 32510 ||| Stepping ~*~*~tactically~*~*~ (hiding).
 32512 | Shoals:4 | 32512 ||| Stepping ~*~*~tactically~*~*~ (hiding).
 32513 | Shoals:4 | 32513 ||| Stepping ~*~*~tactically~*~*~ (hiding).
 32515 | Shoals:4 | 32515 ||| Stepping ~*~*~tactically~*~*~ (hiding).
 32602 | Shoals:4 | Got a barnacled rune of Zot
 32642 | Shoals:4 | 32642 ||| INVOKING Heroism.
 32824 | Shoals:4 | 32824 ||| Stepping ~*~*~tactically~*~*~ (hiding).
 32890 | Shoals:4 | Identified the ring "Qozearhu" {rPois Dex+3}
 32891 | Shoals:4 | 32891 ||| INVOKING Heroism.
 33081 | Shoals:4 | 33081 ||| PLANNING VAULTS:1-4
 33081 | Shoals:4 | 33081 ||| UPGRADING to amulet of regeneration.
 33086 | Shoals:4 | 33086 ||| READING scroll labelled MIOTRU QYTSIP.
 33368 | Vaults:1 | Entered Level 1 of the Vaults
 33476 | Vaults:1 | 33476 ||| Stepping ~*~*~tactically~*~*~ (stealth).
 33497 | Vaults:1 | Reached skill level 18 in Shields
 33530 | Vaults:1 | Received a gift from Okawaru
 33701 | Vaults:1 | Received a gift from Okawaru
 33717 | Vaults:1 | 33717 ||| Stepping ~*~*~tactically~*~*~ (hiding).
 33719 | Vaults:1 | 33719 ||| INVOKING Heroism.
 33720 | Vaults:1 | 33720 ||| INVOKING Finesse.
 33885 | Vaults:1 | Reached XP level 19. HP: 125/125 MP: 29/29
 33908 | Vaults:1 | 33908 ||| Stepping ~*~*~tactically~*~*~ (hiding).
 33909 | Vaults:1 | 33909 ||| Stepping ~*~*~tactically~*~*~ (hiding).
 33910 | Vaults:1 | 33910 ||| INVOKING Heroism.
 33958 | Vaults:1 | 33958 ||| Stepping ~*~*~tactically~*~*~ (stealth).
 33959 | Vaults:1 | 33959 ||| Stepping ~*~*~tactically~*~*~ (stealth).
 33971 | Vaults:1 | 33971 ||| Stepping ~*~*~tactically~*~*~ (stealth).
 33977 | Vaults:1 | 33977 ||| Stepping ~*~*~tactically~*~*~ (stealth).
 33982 | Vaults:1 | 33982 ||| Stepping ~*~*~tactically~*~*~ (stealth).
 33995 | Vaults:1 | 33995 ||| Stepping ~*~*~tactically~*~*~ (hiding).
 33997 | Vaults:1 | 33997 ||| Stepping ~*~*~tactically~*~*~ (hiding).
 33998 | Vaults:1 | 33998 ||| Stepping ~*~*~tactically~*~*~ (hiding).
 33999 | Vaults:1 | 33999 ||| Stepping ~*~*~tactically~*~*~ (hiding).
 34114 | Vaults:1 | 34114 ||| Stepping ~*~*~tactically~*~*~ (stealth).
 34117 | Vaults:1 | 34117 ||| Stepping ~*~*~tactically~*~*~ (stealth).
 34368 | Vaults:1 | 34368 ||| Stepping ~*~*~tactically~*~*~ (hiding).
 34370 | Vaults:1 | 34370 ||| Stepping ~*~*~tactically~*~*~ (hiding).
 34374 | Vaults:1 | 34374 ||| INVOKING Heroism.
 34404 | Vaults:1 | Reached skill level 19 in Shields
 34556 | Vaults:1 | 34556 ||| Stepping ~*~*~tactically~*~*~ (stealth).
 34557 | Vaults:1 | 34557 ||| Stepping ~*~*~tactically~*~*~ (stealth).
 34579 | Vaults:1 | 34579 ||| Stepping ~*~*~tactically~*~*~ (hiding).
 34580 | Vaults:1 | 34580 ||| Stepping ~*~*~tactically~*~*~ (hiding).
 34611 | Vaults:1 | 34611 ||| INVOKING Heroism.
 34621 | Vaults:1 | HP: 29/127 [vault warden/+0 war axe of freezing (21)]
 34622 | Vaults:1 | 34622 ||| READING 7 scrolls of teleportation.
 34622 | Vaults:1 | HP: 1/127 [vault warden/+0 war axe of freezing (21)]
 34622 | Vaults:1 | Slain by a vault warden

Levels and vault maps discovered:
D:1:      minmay_arrival_plants_in_alcoves, layout_rooms
D:2:      layout_basic, basic_altar, minivault_23, hangedman_decor_push,
          kennysheep_generic_room_8, uniq_natasha
D:3:      wad_crossroads, layout_basic
D:4:      layout_basic, gup_sewer_entry_bowl, hangedman_feature_mirror
D:5:      layout_loops_ring, dreamdust_divine_triumvirate,
          minmay_temple_entry_overgrown, nicolae_shop_overcharged_wands
D:6:      layout_basic, kennysheep_flooded_box, uniq_prince_ribbit1
D:7:      layout_cave_pools, enter_bailey_5
D:8:      layout_loops_cross, eat_drink_and_be_merry_uskayaw,
          david_lair_shrubbed
D:9:      layout_rooms, kennysheep_little_box, erik_orc_1
D:10:     layout_irregular_city, gammafunk_ghost_grave
D:11:     layout_long_grid, portal_ice_cave_entry_imps, nrook_uturn
D:12:     layout_cave_pods
D:13:     layout_rooms, david_vaults_2, minmay_misc_feat_doors,
          lightli_fourway_metalbox, uniq_erolcha, uniq_urug
D:14:     cheibrodos_body_horror, layout_irregular_city, fedhas_altar_2
D:15:     gammafunk_enter_depths_forms, layout_loops_ring,
          trove_entry_hex_spiral
Temple:   hellmonk_temple_divided_pantheon
Lair:1:   layout_loops_ring, hangedman_lair_unloving_vines, ldierk_geyser,
          serial_bayou_pond_d, st_stairs_6, grunt_megastairs_2
Lair:2:   layout_regular_city, minmay_shoals_entry_beasts,
          guppyfry_snake_entry_island
Lair:3:   layout_chaotic_city, minmay_stone_trees_medium,
          infiniplex_staircase_pool_2, uniq_nergalle
Lair:4:   layout_regular_city
Lair:5:   grunt_lair_end_beastmaster, layout_small_grid,
          nicolae_slime_entry_slimehenge
Shoals:1: layout_shoals, nicolae_shoals_kraken_intersection
Shoals:2: layout_shoals, uniq_roxanne
Shoals:3: layout_shoals, uniq_polyphemus
Shoals:4: shoals_end_hellmonk_lost_city
Snake:1:  layout_grid_maze, basic_altar, uniq_nikola, uniq_frances
Snake:2:  layout_layer_cave, st_stairs_10
Snake:3:  layout_misc_corridors, basic_altar, nicolae_shop_clearance
Orc:1:    dreamdust_under_siege, layout_caves, nooodl_orcs_dogs
Orc:2:    pf_orc_diabolical, layout_diamond_mine, basic_altar,
          minmay_orc_temple_a
Vaults:1: ontoclasm_vaults_ring_small, vaults_room_hallway,
          nicolae_vaults_network_periphery, nicolae_vaults_heart-shaped_vault,
          nicolae_vaults_tetromino_T_1, nicolae_vaults_swerve,
          nicolae_vaults_sightless_eye, nicolae_vaults_thirteen_compartments,
          nicolae_vaults_trapezoid_lopsided_3, hangedman_vaults_unwind,
          grunt_vaults_hallway_short, nicolae_vaults_heist,
          nicolae_vaults_storage_room_statues, layout_vaults_maze_bifur

Skill      XL: |  1  2  3  4  5  6  7  8  9 10 11 12 13 14 15 16 17 18 19 |
---------------+----------------------------------------------------------+-----
Axes           | 2 3 4 5 12 14 15 16 17 18 | 18.0
Fighting       | 4 5 6 8 10 12 13 14 16 | 16.4
Armour         | 4 5 7 8 9 10 11 12 13 14 | 14.0
Dodging        | 1 2 3 |  3.0
Invocations    | 1 4 7 10 | 10.0
Throwing       | 1 2 3 5 6 7 8 |  8.6
Shields        | 4 5 6 7 10 13 14 15 18 19 | 19.0

Action                     |  1- 3 |  4- 6 |  7- 9 | 10-12 | 13-15 | 16-18 | 19-21 || total
---------------------------+-------+-------+-------+-------+-------+-------+-------++-------
  Melee: War axe           |    78 |   114 |   231 |   395 |       |       |       ||   818
         Broad axe         |       |       |       |     2 |   939 |  1471 |   122 ||  2534
         Flail             |       |       |       |       |    19 |       |       ||    19
  Throw: Boomerang         |       |       |    24 |    89 |   152 |    36 |       ||   301
         Javelin           |       |       |       |       |    58 |    73 |     9 ||   140
 Invoke: Heroism           |       |       |     6 |    19 |    33 |    48 |     3 ||   109
         Finesse           |       |       |       |       |     9 |     4 |       ||    13
    Use: Scroll            |     4 |    11 |     6 |     5 |     9 |     6 |     1 ||    42
         Potion            |     1 |     2 |     2 |     1 |     2 |     2 |       ||    10
 Armour: Scale mail        |    33 |    16 |       |       |       |       |       ||    49
         Plate armour      |       |    43 |    98 |       |       |       |       ||   141
         Shadow dragon sca |       |       |    29 |    60 |       |       |       ||    89
         Chain mail        |       |       |       |   186 |   552 |   573 |    45 ||  1356
  Dodge: Dodged            |    27 |    19 |    68 |   148 |   299 |   494 |    23 ||  1078
  Block: Buckler           |    13 |    16 |    38 |   100 |   124 |       |       ||   291
         Kite shield       |       |       |       |       |   174 |   450 |       ||   624
         Tower shield      |       |       |       |       |       |   353 |    99 ||   452

Table legend:
 A = Non-vault XP
 B = Vault XP
 C = Vault XP percentage of total XP
 D = Non-vault monster count
 E = Vault monster count
 F = Vault count percentage of total count
                 A         B        C        D         E       F
            +---------+---------+-------+---------+---------+-------
      Total |  239740 |   99327 |  29.3 |     774 |     271 |  25.9
            +---------+---------+-------+---------+---------+-------
        D:1 |      21 |       0 |   0.0 |      13 |       0 |   0.0
        D:2 |      54 |      38 |  41.3 |      11 |       2 |  15.4
        D:3 |      36 |       7 |  16.3 |      13 |       4 |  23.5
        D:4 |     227 |      70 |  23.6 |      21 |       5 |  19.2
        D:5 |     394 |       0 |   0.0 |      11 |       0 |   0.0
        D:6 |     837 |     277 |  24.9 |      22 |       1 |   4.3
        D:7 |     957 |       6 |   0.6 |      25 |       4 |  13.8
        D:8 |    1912 |     350 |  15.5 |      22 |       1 |   4.3
        D:9 |    1433 |     588 |  29.1 |      20 |      17 |  45.9
       D:10 |    4377 |       0 |   0.0 |      26 |       0 |   0.0
       D:11 |    4053 |     122 |   2.9 |      30 |      12 |  28.6
       D:12 |    6399 |       0 |   0.0 |      24 |       0 |   0.0
       D:13 |    7798 |    3282 |  29.6 |      12 |       9 |  42.9
       D:14 |   16374 |       0 |   0.0 |      32 |       0 |   0.0
       D:15 |   18392 |    5586 |  23.3 |      36 |      11 |  23.4
     Lair:1 |    4043 |    1376 |  25.4 |      11 |       7 |  38.9
     Lair:2 |    2795 |    1221 |  30.4 |      18 |       5 |  21.7
     Lair:3 |    4893 |     792 |  13.9 |      16 |       1 |   5.9
     Lair:4 |   12781 |       0 |   0.0 |      44 |       0 |   0.0
     Lair:5 |   16143 |    8241 |  33.8 |      53 |      19 |  26.4
   Shoals:1 |   16000 |    1471 |   8.4 |      28 |       1 |   3.4
   Shoals:2 |   11188 |    1430 |  11.3 |      26 |       1 |   3.7
   Shoals:3 |    6809 |    4914 |  41.9 |      16 |       5 |  23.8
   Shoals:4 |   17561 |   23421 |  57.1 |      34 |      35 |  50.7
    Snake:1 |   19995 |    3689 |  15.6 |      36 |       2 |   5.3
    Snake:2 |   16159 |    1693 |   9.5 |      29 |       2 |   6.5
    Snake:3 |   18035 |       0 |   0.0 |      34 |       0 |   0.0
      Orc:1 |    2258 |    3092 |  57.8 |      19 |      33 |  63.5
      Orc:2 |    4071 |   16140 |  79.9 |      54 |      68 |  55.7
   Vaults:1 |   23745 |   21521 |  47.5 |      38 |      26 |  40.6
            +---------+---------+-------+---------+---------+-------
